 Dungeon Crawl Stone Soup version 0.28-a0-1236-gb25a51b929 (webtiles) character file.

Game seed: 6150401083164605961

131 browni3141 the Chopper (level 5, 0/41 HPs)
             Began as a Ghoul Gladiator on Dec 25, 2021.
             Slain by an orc wizard (3 damage)
             ... on level 3 of the Dungeon.
             The game lasted 00:02:35 (1842 turns).

browni3141 the Chopper (Ghoul Gladiator)            Turns: 1842, Time: 00:02:35

Health: 0/41       AC:  4    Str: 20    XL:     5   Next: 14%
Magic:  4/4        EV: 12    Int:  3    God:
Gold:   112        SH:  0    Dex: 10    Spells: 4/4 levels left

rFire   . . .      SeeInvis .   a - +0 war axe
rCold   + . .      Faith    .   (no shield)
rNeg    + + +      Spirit   .   b - +0 leather armour
rPois   ∞          Reflect  .   c - +0 helmet
rElec   .          Harm     .   (no cloak)
rCorr   .          Rampage  .   (no gloves)
Will    .....                   (no boots)
Stlth   +.........              (no amulet)
HPRegen 0.00/turn               (no ring)
MPRegen 0.09/turn               (no ring)

@: inhibited regen
A: claws 1, cold resistance 1, negative energy resistance 3, inhibited
regeneration, torment resistance 2
a: no special abilities


You were on level 3 of the Dungeon.
You visited 1 branch of the dungeon, and saw 3 of its levels.

You collected 112 gold pieces.

Inventory:

Hand Weapons
 a - a +0 war axe (weapon)
Missiles
 d - 3 throwing nets (quivered)
 h - 2 curare-tipped darts
Armour
 b - a +0 leather armour (worn)
 c - a +0 helmet (worn)
Jewellery
 m - an amulet of faith
Scrolls
 f - 3 scrolls of identify {unknown}
 i - a scroll of vulnerability {unknown}
 j - a scroll of fear {unknown}
Potions
 e - a potion of heal wounds {unknown}
 g - 2 potions of curing {unknown}
 k - a potion of lignification {unknown}
 l - a potion of attraction {unknown}


   Skills:
 - Level 2.1 Fighting
 * Level 5.2 Axes
 - Level 1.7 Throwing
 - Level 2.6 Dodging


You had 4 spell levels left.
You didn't know any spells.
Your spell library was empty.

Dungeon Overview and Level Annotations

Branches:
Dungeon (3/15)

Altars:

Shops:
D:1 !


Innate Abilities, Weirdness & Mutations

You thrive by killing the living.
You are immune to poison.
You have sharp fingernails.
Your flesh is cold resistant. (rC+)
You are immune to negative energy. (rN+++)
You do not regenerate when monsters are visible.
You are immune to unholy pain and torment.


Message History

* * * LOW HITPOINT WARNING * * *
You hit the orc but do no damage. The orc misses you.
The orc hits you but does no damage.
You slash the orc!
You kill the orc!
You feel better.
An orc comes into view. It is wielding a +0 falchion.
Found a stone staircase leading down.
The orc shouts!
Things that are here:
a +0 hand axe; a +0 ring mail An orc comes into view.
It is wielding a +0 club.
The orc shouts!
The orc hits you with a +0 falchion.
An orc wizard comes into view. It is wielding a +0 dagger.
The orc hits you with a +0 falchion.
* * * LOW HITPOINT WARNING * * *
The orc hits you with a +0 falchion.
* * * LOW HITPOINT WARNING * * *
The orc misses you. The orc hits you with a +0 falchion.
* * * LOW HITPOINT WARNING * * *
You hit the orc but do no damage. You hit the orc. The orc barely misses you.
The orc completely misses you.
You barely miss the orc. You completely miss the orc wizard.
The orc barely misses you.
You hit the orc.
The orc is moderately wounded.
You miss the orc wizard.
The orc wizard hits you with a +0 dagger.
* * * LOW HITPOINT WARNING * * *
The orc hits you with a +0 falchion.
* * * LOW HITPOINT WARNING * * *
The orc wizard closely misses you.
You slash the orc!
You kill the orc!
You feel better.
You slash the orc wizard! You barely miss the orc.
The orc hits you with a +0 club.
* * * LOW HITPOINT WARNING * * *
The orc wizard hits you with a +0 dagger.
You die...

### #### #.. ..#
#.# #.#
#.######.#########
#...)........))..#
#@)########.####.#
#oo# #.###...
#...# ##.##.[..
#..... #........
.>......
...<##....
####...###
##..###... #...#
#..# ##.# #...#
#.# #.#


You could see an orc wizard and an orc.

Vanquished Creatures
  Jessica (D:2)
  Natasha (D:2)
  3 gnolls (D:3)
  An adder (D:2)
  A worm (D:3)
  6 orcs (D:3)
  3 ball pythons
  4 endoplasms
  4 goblins
  4 hobgoblins
  4 quokkas
  A frilled lizard (D:1)
  2 kobolds
  4 rats
39 creatures vanquished.

Notes
Turn   | Place    | Note
-------+----------+-------------------------------------------
     0 | D:1      | browni3141 the Ghoul Gladiator began the quest for the Orb.
     0 | D:1      | Reached XP level 1. HP: 17/17 MP: 0/0
    69 | D:1      | Reached skill level 3 in Axes
   246 | D:1      | Found a faded altar of an unknown god.
   441 | D:1      | Reached XP level 2. HP: 23/24 MP: 1/1
   471 | D:1      | Found Sykh's Distillery.
   788 | D:2      | Noticed Jessica
  1104 | D:2      | Reached XP level 3. HP: 29/29 MP: 2/2
  1122 | D:2      | Killed Jessica
  1123 | D:2      | Reached skill level 4 in Axes
  1186 | D:2      | Noticed Natasha
  1189 | D:2      | Killed Natasha
  1190 | D:2      | Reached XP level 4. HP: 36/36 MP: 3/3
  1815 | D:3      | Reached skill level 5 in Axes
  1815 | D:3      | Reached XP level 5. HP: 14/41 MP: 4/4
  1841 | D:3      | HP: 2/41 [orc (2)]
  1842 | D:3      | Slain by an orc wizard

Illustrated notes

Levels and vault maps discovered:
D:1:      dpeg_arrival_radiant, layout_basic, serial_shops,
          nicolae_shop_waterfront, basic_ecumenical_altar
D:2:      layout_loops_ring, uniq_natasha, uniq_jessica
D:3:      layout_loops_ring, patterned_corridor

Skill      XL: |  1  2  3  4 |
---------------+-------------+-----
Axes           | 3 4 5 |  5.2
Fighting       | |  2.1
Throwing       | |  1.7
Dodging        | |  2.6

Action                   |  1- 3 |  4- 6 || total
-------------------------+-------+-------++-------
Melee: War axe           |    54 |    56 ||   110
 Stab: Sleeping          |     1 |       ||     1
Armor: Leather armour    |    11 |    13 ||    24
Dodge: Dodged            |    34 |    36 ||    70

Table legend: (Time is in decaauts)
 A = Elapsed time spent in this place.
 B = Non-inter-level travel time spent in this place.
 C = Inter-level travel time spent in this place.
 D = Time resting spent in this place.
 E = Time spent auto-exploring this place.
 F = Levels seen in this place.
 G = Mean time per level.
                   A        B        C        D        E       F      G
               +--------+--------+--------+--------+--------+-----+--------+
         Total |   1874 |   1777 |     97 |      0 |   1493 |   3 |  624.7 |
       Dungeon |   1874 |   1777 |     97 |      0 |   1493 |   3 |  624.7 |
               +--------+--------+--------+--------+--------+-----+--------+

Top non-repeatable levels by time:
     D:1: 842 daAuts
     D:2: 586 daAuts
     D:3: 445 daAuts
